 Dungeon Crawl Stone Soup version 0.26-a0-146-g24f6d3962c (webtiles) character file.

Game seed: 18194726351852079387

16 Flugslaktarn the Sneak (level 2, 0/17 HPs)
             Began as an Octopode Wizard on June 29, 2020.
             Slain by an adder (1 damage)
             ... on level 2 of the Dungeon.
             The game lasted 00:01:04 (119 turns).

Flugslaktarn the Sneak (Octopode Wizard)             Turns: 119, Time: 00:01:04

Health: 0/17       AC:  1    Str:  6    XL:     2   Next: 54%
Magic:  0/6        EV: 13    Int: 20    God:
Gold:   36         SH:  0    Dex: 10    Spells: 4/7 levels left

rFire    . . .     SeeInvis .   d - +0 club
rCold    . . .     Faith    .   (no shield)
rNeg     . . .     Spirit   .   a - +0 hat
rPois    .         Reflect  .   (no amulet)
rElec    .         Harm     .   b - ring of wizardry
rCorr    .                      (no ring)
MR       .....                  (no ring)
Stlth    +++.......             (no ring)
HPRegen  0.05/turn              (no ring)
MPRegen  0.10/turn              (no ring)
                                (no ring)
                                (no ring)

@: lethally poisoned (0 -> -9)
A: almost no armour, stealthy swim, amphibious, 8 rings, constrict 8, camouflage
1, gelatinous body 1
a: no special abilities


You were on level 2 of the Dungeon.
You were not hungry.

You visited 1 branch of the dungeon, and saw 2 of its levels.

You collected 36 gold pieces.

Inventory:

Hand Weapons
 d - a +0 club (weapon)
   (You took it off a goblin on level 2 of the Dungeon)
Armour
 a - a +0 hat (worn)
Jewellery
 b - a ring of wizardry (left tentacle)
   (You found it on level 2 of the Dungeon)
Scrolls
 e - a scroll of identify {unknown}
Comestibles
 c - a ration
 f - a chunk of flesh


   Skills:
 - Level 2.0 Dodging
 + Level 3.9 Stealth
 + Level 3.2 Spellcasting
 - Level 1.0 Conjurations
 - Level 1.0 Summonings
   Level 1.0 Translocations


You had 4 spell levels left.
You knew the following spells:

 Your Spells              Type           Power        Failure   Level  Hunger
a - Magic Dart            Conj           #...         4%          1    None
b - Call Imp              Summ           #.......     6%          2    ##.....

Your spell library contained the following spells:

 Spells                   Type           Power        Failure   Level  Hunger
 Blink                    Tloc           N/A          6%          2    ##.....
 Slow                     Hex            #.......     9%          2    ##.....
 Conjure Flame            Conj/Fire      #.......     14%         3    ###....
 Mephitic Cloud           Conj/Pois/Air  #.......     16%         3    ###....


Dungeon Overview and Level Annotations

Branches:
Dungeon (2/15)

Altars:


Innate Abilities, Weirdness & Mutations

You cannot wear most types of armour.
You are very stealthy in the water. (Stealth+)
You are amphibious.
You can wear up to eight rings at the same time.
You can use your tentacles to constrict eight enemies at once.
Your skin changes colour to match your surroundings (Stealth+).
Your rubbery body absorbs attacks. (AC +1, EV +1)


Message History

g - Guard the area. f - Follow me.
Anything else - Cancel.
Guard this area!
Your white imp gestures at the quokka.
The puff of frost hits the quokka!
The quokka dies!
You see here a quokka corpse.
Found 5 gold pieces.
You swap places.
e - a scroll labeled ZACVUT EN HURA An adder comes into view.
The adder hisses angrily.
What are your orders? t - Shout!
Orders for allies: a - Attack new target. r - Retreat! s - Stop attacking. g - Guard the area. f - Follow me.
Anything else - Cancel.
Guard this area!
A bat comes into view.
Casting: Call Imp (safe; 6% risk of failure)
Confirm with . or Enter, or press ? or * to list all spells.
A beastly little devil appears in a puff of flame.
Your white imp disappears in a puff of smoke!
The bat hits you.
You barely miss the bat. Your grab misses the bat. The bat barely misses you.
Your crimson imp barely misses the bat.
An adder comes into view.
The adder bites you.
* * * LOW HITPOINT WARNING * * *
The bat closely misses you. The bat hits you.
* * * LOW HITPOINT WARNING * * *
Your crimson imp hits the adder.
You hit the adder but do no damage. You grab the adder. You squeeze the adder.
The adder is severely wounded.
You constrict the adder. The adder bites you.
* * * LOW HITPOINT WARNING * * *
You are lethally poisoned!
The adder poisons you! The bat closely misses you.
You barely miss the adder.
The adder is severely wounded.
You constrict the adder, but do no damage.
* * * LOW HITPOINT WARNING * * *
You feel sick. The bat hits you.
* * * LOW HITPOINT WARNING * * *
The adder closely misses you.
Your crimson imp hits the adder.
The adder dies!
The adder bites you.
You die...

.. ...# #####.## #..# #
#......## #####.####.###
#.......## #........#...##
#........###..............
#.......)........†........
#........#.†..............
#........[....(S..........
#######.#..##..@#.........
##.#..####.b5........
#..#..# ###........≈
#######.##..# #........≈
.....##.###.# #........≈
......#÷# #.. $........♣
......).# ##. ..#......
.†...†.## .....####.
.......# .....#


You could see an adder, a bat and a friendly crimson imp (summoned).

Vanquished Creatures
  A giant cockroach (D:2)
  A hobgoblin (D:2)
  2 bats (D:2)
  2 goblins (D:2)
  2 rats (D:2)
8 creatures vanquished.

Vanquished Creatures (collateral kills)
  An adder (D:2)
  A quokka (D:2)
  A bat (D:2)
3 creatures vanquished.

Grand Total: 11 creatures vanquished

Notes
Turn   | Place    | Note
-------+----------+-------------------------------------------
     0 | D:1      | Flugslaktarn the Octopode Wizard began the quest for the
                  | Orb.
     0 | D:1      | Reached XP level 1. HP: 11/11 MP: 4/4
    77 | D:2      | Reached XP level 2. HP: 12/17 MP: 0/6
    82 | D:2      | Learned a level 2 spell: Call Imp
   119 | D:2      | Slain by an adder

Illustrated notes

Levels and vault maps discovered:
D:1:      dpeg_arrival_stonehenge_12_columns, layout_basic,
          wander_ebering_terrifying_dragon_lair
D:2:      layout_rooms, overflow_temple_1_default, nicolae_ru_path_of_blood,
          first_ration, serial_bayou_pond_d

Skill      XL: |  1 |
---------------+----+-----
Stealth        | 3 |  3.9
Dodging        | |  2.0
Spellcasting   | |  3.2
Conjurations   | |  1.0
Summonings     | |  1.0
Translocations | |  1.0

Action                   || total
-------------------------++-------
Melee: Unarmed           ||     9
       Club              ||     7
       Constrict         ||     4
       Tentacles         ||     1
 Cast: Magic Dart        ||    10
       Call Imp          ||     2
Armor: Skin              ||     4
Dodge: Dodged            ||    23

Table legend:
 A = Non-vault XP
 B = Vault XP
 C = Vault XP percentage of total XP
 D = Non-vault monster count
 E = Vault monster count
 F = Vault count percentage of total count
                 A         B        C        D         E       F
            +---------+---------+-------+---------+---------+-------
      Total |      23 |       0 |   0.0 |      11 |       0 |   0.0
            +---------+---------+-------+---------+---------+-------
        D:2 |      23 |       0 |   0.0 |      11 |       0 |   0.0
            +---------+---------+-------+---------+---------+-------
